 Dungeon Crawl Stone Soup version 0.17-a0-1105-gbe8b664 (webtiles) character file.

124 Grimpse the Cudgeler (level 4, -9/37 HPs)
             Began as a Centaur Gladiator on May 22, 2015.
             Was an Initiate of Vehumet.
             Mangled by Eglamore's ghost (10 damage)
             ... on level 3 of the Dungeon.
             The game lasted 00:11:41 (2924 turns).

Grimpse the Cudgeler (Centaur Gladiator)            Turns: 2924, Time: 00:11:41

Health: -9/37      AC:  6    Str: 18    XL:     4   Next: 81%
Magic:  4/4        EV: 10    Int:  7    God:    Vehumet [......]
Gold:   114        SH:  0    Dex: 10    Spells: 0 memorised, 3 levels left

rFire  . . .     SeeInvis .     a - +0 flail
rCold  . . .     Clarity  .     b - +0 leather armour
rNeg   . . .     SustAb   .     (no shield)
rPois  .         Gourm    .     c - +0 helmet
rElec  .         Spirit   .     g - +0 cloak
rCorr  .         Warding  .     (no gloves)
rMut   .         Stasis   .     (no barding)
MR     .....                    (no amulet)
Stlth  +.........               (no ring)
                                (no ring)

@: very quick, not resistant to hostile enchantments, very unstealthy
A: hooves 3, deformed body, speed 2, tough skin 3
a: Renounce Religion


You were on level 3 of the Dungeon.
You worshipped Vehumet.
Vehumet was noncommittal.
You were not hungry.

You visited 1 branch of the dungeon, and saw 3 of its levels.

You collected 114 gold pieces.

Inventory:

Hand weapons
 a - a +0 flail (weapon)
Missiles
 d - 3 throwing nets (quivered)
Armour
 b - a +0 leather armour (worn)
 c - a +0 helmet (worn)
 g - a +0 cloak (worn)
 k - a +0 helmet
Scrolls
 j - a scroll of teleportation
 l - a scroll of identify
Potions
 f - 2 potions of might {unknown}
 i - a potion of flight {unknown}
 m - a potion of magic {unknown}
Comestibles
 e - a bread ration
 h - a meat ration


   Skills:
 + Level 2.4 Fighting
 + Level 3.3 Maces & Flails
 + Level 2.8 Throwing
 + Level 1.1 Armour
 + Level 3.2 Dodging
 + Level 0.1 Stealth


You had 3 spell levels left.
You didn't know any spells.

Dungeon Overview and Level Annotations

Branches:
Dungeon (3/15)

Altars:
Vehumet

Annotations:
D:3 Eglamore's ghost, weakling GrFi


Innate Abilities, Weirdness & Mutations

You have hooves in place of feet.
Armour fits poorly on your strangely shaped body.
You cover ground very quickly.
You have extremely tough skin (AC +3).


Message History

The kobold hits you but does no damage. Eglamore's ghost hits you.
You hit Eglamore's ghost.
You kick Eglamore's ghost, but do no damage.
Eglamore's ghost is lightly damaged.
The kobold misses you. Eglamore's ghost hits you.
The kobold hits you but does no damage.
You hit Eglamore's ghost but do no damage.
You kick Eglamore's ghost, but do no damage.
Eglamore's ghost is lightly damaged.
Eglamore's ghost closely misses you. The kobold barely misses you.
You hit Eglamore's ghost but do no damage.
Eglamore's ghost is lightly damaged.
Eglamore's ghost hits you!
* * * LOW HITPOINT WARNING * * *
The kobold closely misses you.
You hit Eglamore's ghost but do no damage.
Eglamore's ghost is lightly damaged.
Eglamore's ghost barely misses you. The kobold barely misses you.
Eglamore's ghost hits you!
You die...

#.......#.....#*,,,,,,,,,*
####.##########*,*******,*
#.##### *,* *** *,*
#.....# *,*#*****,*
#####.#### *,..+_+,,,*
#.......#**#.#**+***,*
#.##.##.#>.?,* *,* *,*
#,*#.##W#.##.##*,***,*
*,*#...@K......,,,,,,*
*,*####.###....,,,,,,*
*,****#.# ***##*******
*,,,,,..# ******###


You could see Eglamore's ghost and a kobold.

Vanquished Creatures
  5 adders (D:2)
  2 oozes
  8 orcs (D:3)
  3 giant cockroaches
  2 goblins (D:2)
  9 hobgoblins
  5 kobolds
  2 quokkas
  8 bats
  5 giant geckos
  11 rats
60 creatures vanquished.

Notes
Turn   | Place    | Note
--------------------------------------------------------------
     0 | D:1      | Grimpse the Centaur Gladiator began the quest for the Orb.
     0 | D:1      | Reached XP level 1. HP: 17/17 MP: 1/1
   545 | D:1      | Reached XP level 2. HP: 24/24 MP: 2/2
  1522 | D:2      | Reached XP level 3. HP: 29/29 MP: 3/3
  1550 | D:2      | Reached skill level 3 in Maces & Flails
  1731 | D:2      | Found a radiant altar of Vehumet.
  1750 | D:2      | Became a worshipper of Vehumet
  1817 | D:2      | Reached XP level 4. HP: 29/36 MP: 4/4
  2092 | D:2      | Reached skill level 1 in Armour
  2916 | D:3      | Noticed Eglamore's ghost (weakling GrFi)
  2923 | D:3      | HP: 1/37 [Eglamore's ghost (11)]
  2924 | D:3      | Mangled by Eglamore's ghost

Vault maps used:
D:1:      lemuel_arrival_funnel, solitary_fountain, st_stairs_10,
          hangedman_abyss_or_decor_stabs
D:2:      vehumet_crystals
D:3:      lemuel_doored_altar, first_bread

Action                   |  1- 3 |  4- 6 || total
-------------------------+-------+-------++-------
Melee: Flail             |    86 |   108 ||   194
  Use: Scroll            |       |     3 ||     3
  Eat: Chunk             |     1 |       ||     1
       Bread ration      |       |     1 ||     1
